Cogmind - Beta 17.1 @@@ ROGUE MODE // 2026.09.15 @ 17:47:52 Player: Matt Result: Destroyed by S-10 Pest with Light Assault Rifle Performance ------------- Evolutions (0) 0 Regions Visited (4) 800 Robots Destroyed (12) 60 Value Destroyed (384) 384 Prototype IDs (1) 20 Alien Tech Used (0) 0 Bonus (0) 0 TOTAL SCORE: 1264 Bonus ------- None Cogmind --------- Core Integrity 0/250 Matter 250/300 Energy 160/160 System Corruption 3% Temperature Hot (272) Movement Walking (190) Ox1 Location -9/Mines Parts ------- > --- POWER (1) -------- Light Nuclear Core > --- PROPULSION (2) --- Aluminum Leg Aluminum Leg > --- UTILITY (2) ------ Medium Storage Unit Large Storage Unit > --- WEAPON (2) ------- Small Laser Particle Gun > --- INVENTORY (15) --- Ion Engine Aluminum Leg Aluminum Leg Aluminum Leg Aluminum Leg Large Storage Unit Large Storage Unit Large Storage Unit Medium Laser Peak State ------------ > --- POWER ------------ Light Nuclear Core > --- PROPULSION ------- Aluminum Leg Aluminum Leg > --- UTILITY ---------- Large Storage Unit Experimental Sensor Array > --- WEAPON ----------- Small Laser Particle Gun > --- INVENTORY -------- Ion Engine Aluminum Leg Aluminum Leg Aluminum Leg Aluminum Leg Medium Storage Unit Medium Laser [Rating: 18] Favorites ----------- Power Light Nuclear Core Engine Ion Engine Power Core Light Nuclear Core Propulsion Aluminum Leg Leg Aluminum Leg Utility Large Storage Unit Device Structural Scanner Storage Large Storage Unit Protection Light Armor Plating Weapon Particle Gun Energy Gun Particle Gun Ballistic Gun Assault Rifle Build | -11 -10 -10 -10 -9 ------- Run | Yrd Mat Min Exi Min Slots Evolved . | . . . . . Power . | . . . . . Propulsion . | . . . . . Utility . | . . . . . Weapon . | . . . . . Parts Attached 22 | 6 8 8 . . Power 2 | 1 . 1 . . Engine 1 | 1 . . . . Core 1 | . . 1 . . Reactor . | . . . . . Propulsion 6 | 2 2 2 . . Treads . | . . . . . Leg 6 | 2 2 2 . . Wheel . | . . . . . Hover . | . . . . . Flight . | . . . . . Utility 6 | 1 3 2 . . Device 2 | . 1 1 . . Storage 3 | 1 1 1 . . Processor . | . . . . . Hackware . | . . . . . Protection 1 | . 1 . . . Artifact . | . . . . . Weapon 8 | 2 3 3 . . Energy Gun 7 | 2 3 2 . . Energy Cannon . | . . . . . Ballistic Gun 1 | . . 1 . . Ballistic Cannon . | . . . . . Launcher . | . . . . . Special Weapon . | . . . . . Impact Weapon . | . . . . . Slashing Weapon . | . . . . . Piercing Weapon . | . . . . . Special Melee Weapon . | . . . . . Unidentified Prototypes 1 | . . 1 . . Parts Lost 5 | . 1 4 . . Power 1 | . . 1 . . Propulsion . | . . . . . Utility 1 | . . 1 . . Weapon 3 | . 1 2 . . Highest Loss Streak 4 | . 1 4 . . To Critical Strikes . | . . . . . Average Backups 5 | . 4 6 6 9 Power . | . . 1 1 1 Propulsion 2 | . 1 3 4 4 Utility . | . . . . 3 Weapon 1 | . 2 1 . 1 Tool/Special . | . . . . . Unused Backups 7 | . 2 . . 5 Power 2 | . 1 . . 1 Propulsion 1 | . . . . 1 Utility 4 | . 1 . . 3 Weapon . | . . . . . Tool/Special . | . . . . . Average Slot Usage (%) 91 | . 96 88 90 100 Engine 6 | . 14 5 . . Core 7 | . . 8 14 14 Leg 28 | . 28 28 28 28 Device 2 | . 8 . . . Storage 15 | . 14 14 18 28 Protection 2 | . 2 4 . . Energy Gun 26 | . 27 23 28 28 Ballistic Gun 1 | . . 3 . . Peak Build Rating 18 | 6 8 18 10 10 Average Rating 8 | 4 7 8 9 10 On Entrance 6 | . 6 8 9 10 Avg Prop Armor Cover (%) . | . . . . . Naked Turns . | . . . . . Heaviest Build 39 | 14 23 29 39 39 Greatest Support 20 | 20 20 20 20 20 Greatest Overweight (x) 2 | 2 1 1 1 1 Average Overweight (x) . | . . . . 1 Largest Inventory Capacity 15 | 8 10 15 15 15 Average Capacity 11 | 6 8 12 14 15 Most Carried 9 | 2 8 8 9 9 Average Carried 5 | . 4 6 6 9 Final Capacity 15 | 8 10 15 15 15 Final Carried 9 | 2 5 7 9 9 Class Distribution -------------------- 53% | Scavenger-Mutant 46% | Mutant Dominant Class ---------------- Mutant | -10/Materials Scavenger-Mutant | -10/Mines Scavenger-Mutant | -10/Exiles Scavenger-Mutant | -9/Mines Resources | -11 -10 -10 -10 -9 ----------- Run | Yrd Mat Min Exi Min Matter Collected 478 | 104 211 163 . . Remotely . | . . . . . Salvage Created 505 | . 240 238 . 27 Parts 19 | . 9 5 . 5 Haulers Intercepted . | . . . . . Recyclers Shooed . | . . . . . Parts Field Recycled . | . . . . . Retrieved Matter . | . . . . . Parts Self-Destructed . | . . . . . Prevented . | . . . . . Parts Restored . | . . . . . Kills | -11 -10 -10 -10 -9 ------- Run | Yrd Mat Min Exi Min Combat Hostiles Destroyed 11 | . 5 4 . 2 Guns 9 | . 4 3 . 2 Classes Destroyed 3 | . 1 1 . 1 Recycler 1 | . . 1 . . Swarmer 2 | . . . . 2 Grunt 9 | . 5 4 . . Best Kill Streak 3 | . 2 3 . 2 Combat Bots Only 2 | . 2 2 . 2 Max Kills in Single Turn 1 | . 1 1 . 1 Gunslinging . | . . . . . Exploded . | . . . . . Melee . | . . . . . Uniques/NPCs Destroyed . | . . . . . Combat | -11 -10 -10 -10 -9 -------- Run | Yrd Mat Min Exi Min Hostile Shots Fired 96 | . 28 45 . 23 Missed 17 | . 7 4 . 6 Hits 79 | . 21 41 . 17 Projectile 79 | . 21 41 . 17 Critical Strikes 6 | . 2 3 . 1 Damage Taken 999 | . 285 571 . 143 Core 253 | . 95 129 . 29 Absorbed by Shields . | . . . . . Core Remaining (%) 100 | 100 . . . . Volleys Fired 54 | . 20 28 . 6 Largest 2 | . 2 2 . 2 Hottest 115 | . 105 115 . 105 Shots Fired 89 | . 39 38 . 12 Gun 89 | . 39 38 . 12 Cannon . | . . . . . Launcher . | . . . . . Special . | . . . . . Kinetic 6 | . . 6 . . Thermal 64 | . 20 32 . 12 Explosive . | . . . . . Electromagnetic 19 | . 19 . . . Robot Hit Streak 6 | . 6 6 . 6 Robot Miss Streak 6 | . 2 2 . 6 Penetration Max . | . . . . . Secondary Targets 2 | . . 1 . 1 Max Gunslinging Chain 1 | . . 1 . 1 Shots Hit Robots 57 | . 27 26 . 4 Core Hits 22 | . 9 11 . 2 Critical Kills . | . . . . . Critical Parts Destroyed . | . . . . . Critical Strikes 3 | . 1 2 . . Burn 3 | . 1 2 . . Melee Attacks . | . . . . . Impact . | . . . . . Slashing . | . . . . . Piercing . | . . . . . Sneak Attacks . | . . . . . Combat Hostiles . | . . . . . Follow-up Attacks . | . . . . . Damage Inflicted 780 | . 371 337 . 72 Guns 780 | . 371 337 . 72 Cannons . | . . . . . Explosions . | . . . . . Melee . | . . . . . Ramming . | . . . . . Kinetic 35 | . . 35 . . Thermal 559 | . 185 302 . 72 Explosive . | . . . . . Electromagnetic 186 | . 186 . . . Impact . | . . . . . Slashing . | . . . . . Piercing . | . . . . . Highest Corruption 3 | . . 3 3 3 Average Corruption 3 | . . 3 3 3 Corruption Purged . | . . . . . Corruption Blocked . | . . . . . Effects 14 | . . 5 8 1 Message Errors 3 | . . 2 1 . Matter Fused 2 | . . . 1 1 Heat Flow Errors 3 | . . 1 2 . Energy Discharges 2 | . . 1 1 . Data Loss (minor) 3 | . . 1 2 . Alerts 1 | . . . 1 . Overload Shots . | . . . . . Overflow Damage . | . . . . . Projectiles . | . . . . . Explosions . | . . . . . Melee . | . . . . . Knockbacks . | . . . . . Impact . | . . . . . Kinetic . | . . . . . Secondary . | . . . . . Self-Inflicted Damage . | . . . . . Shots . | . . . . . Rammed . | . . . . . Targets Rammed . | . . . . . Kicked . | . . . . . Crushed . | . . . . . Highest Temperature 578 | . 384 578 270 272 Average Temperature 172 | . 167 196 122 122 Received Heat Transfer 573 | . 204 369 . . Effects 15 | . 2 11 . 2 Shutdowns 2 | . . 2 . . Energy Bleed 1 | . . 1 . . Interference 5 | . 2 1 . 2 Matter Decay 2 | . . 2 . . Short Circuit 1 | . . 1 . . Damage (minor) 1 | . . 1 . . Damage (major) 3 | . . 3 . . Siege Activations . | . . . . . Martial Activations . | . . . . . Shielding Activations . | . . . . . Robots Disrupted . | . . . . . Combat Hostiles . | . . . . . Robots Corrupted 1 | . 1 . . . Combat Hostiles 1 | . 1 . . . Parts Fried 3 | . 3 . . . Impact Corruptions . | . . . . . Robots Melted 1 | . . 1 . . Combat Hostiles 1 | . . 1 . . Parts Melted 6 | . 1 5 . . Heat Transferred 1740 | . 592 975 . 173 Parts Sabotaged . | . . . . . Parts Stolen . | . . . . . Parts Stripped . | . . . . . Power Chain Reactions . | . . . . . Alert | -11 -10 -10 -10 -9 ------- Run | Yrd Mat Min Exi Min Maximum Alert Level . | . . . . . Low Security (%) 100 | 100 100 100 . 100 Level 1 . | . . . . . Level 2 . | . . . . . Level 3 . | . . . . . Level 4 . | . . . . . Level 5 . | . . . . . High Security . | . . . . . Max Security . | . . . . . Peak Influence 65 | . 65 40 . 50 Initial . | . . . . . Average 8 | . 12 4 . 16 Influence Increases 291 | . 136 105 . 50 Destroy 0b10 Robot/C 220 | . 100 80 . 40 Destroy 0b10 Robot/NC 5 | . . 5 . . Destroy Leader 50 | . 20 20 . 10 Destroy Structure 1 | . 1 . . . Lose Combat Pursuer 15 | . 15 . . . Influence Decreases 251 | . 136 105 . 10 Time Decay 241 | . 136 95 . 10 Lost Part 10 | . . 10 . . Squads Dispatched . | . . . . . Investigation . | . . . . . Extermination . | . . . . . Reinforcement . | . . . . . Assault . | . . . . . Garrison . | . . . . . Intercept . | . . . . . Searches Triggered . | . . . . . Construction Impeded . | . . . . . Haulers Reinforced . | . . . . . Active Scanning Responses . | . . . . . Cargo Convoy Interrupts . | . . . . . Stealth | -11 -10 -10 -10 -9 --------- Run | Yrd Mat Min Exi Min Distress Signals . | . . . . . Communications Jammed . | . . . . . Distress Signals . | . . . . . Times Spotted 17 | . 10 4 . 3 Peak Tracking Total 3 | . 2 2 . 3 Tactical Retreats 1 | . 1 . . . Traps | -11 -10 -10 -10 -9 ------- Run | Yrd Mat Min Exi Min Traps Triggered . | . . . . . Indirectly . | . . . . . Trap Hack Attempts . | . . . . . Triggered . | . . . . . Disarmed . | . . . . . Reprogrammed . | . . . . . Reused . | . . . . . Traps Extracted . | . . . . . Installed . | . . . . . Triggered . | . . . . . Machines | -11 -10 -10 -10 -9 ---------- Run | Yrd Mat Min Exi Min Machines Disabled . | . . . . . Max in Single Turn . | . . . . . Machines Repaired . | . . . . . Machines Dismantled . | . . . . . Machines Sabotaged . | . . . . . Overloaded Fab Kills . | . . . . . Hacking | -11 -10 -10 -10 -9 --------- Run | Yrd Mat Min Exi Min Machines Accessed . | . . . . . Terminals . | . . . . . Fabricators . | . . . . . Repair Stations . | . . . . . Recycling Units . | . . . . . Scanalyzers . | . . . . . Garrison Access . | . . . . . Total Hacks . | . . . . . Successful . | . . . . . Failed . | . . . . . Catastrophic . | . . . . . Database Lockouts . | . . . . . Manual . | . . . . . Terminals . | . . . . . Fabricators . | . . . . . Repair Stations . | . . . . . Recycling Units . | . . . . . Scanalyzers . | . . . . . Garrison Access . | . . . . . Terminal Hacks . | . . . . . Fabricator Hacks . | . . . . . Repair Station Hacks . | . . . . . Recycling Unit Hacks . | . . . . . Scanalyzer . | . . . . . Garrison Access Hacks . | . . . . . Unauthorized Hacks . | . . . . . Terminals . | . . . . . Fabricators . | . . . . . Repair Stations . | . . . . . Recycling Units . | . . . . . Scanalyzers . | . . . . . Garrison Access . | . . . . . Data Cores Recovered . | . . . . . Used . | . . . . . Hacking Detections . | . . . . . Full Trace Events . | . . . . . Feedback Events . | . . . . . Feedback Blocked . | . . . . . Robot Schematics Acquired . | . . . . . Robots Built . | . . . . . Authchips . | . . . . . Time . | . . . . . Total Robot Build Rating . | . . . . . Part Schematics Acquired . | . . . . . Parts Built . | . . . . . Authchips . | . . . . . Time . | . . . . . Total Part Build Rating . | . . . . . Part Studies Acquired . | . . . . . Parts Repaired . | . . . . . Time . | . . . . . Parts Recycled . | . . . . . Recycled Matter . | . . . . . Retrieved Matter . | . . . . . Retrieved Components . | . . . . . Parts Scanalyzed . | . . . . . Part Schematics Acquired . | . . . . . Parts Damaged . | . . . . . Bothacking | -11 -10 -10 -10 -9 ------------ Run | Yrd Mat Min Exi Min Used RIF Installer . | . . . . . Robots Hacked . | . . . . . Non-combat . | . . . . . Combat . | . . . . . Robot Hacks Applied . | . . . . . Relay Couplers Released . | . . . . . Fabnet Peak Effective % . | . . . . . Robots Rewired . | . . . . . Allies Hacked . | . . . . . Hacks Repelled . | . . . . . Allies | -11 -10 -10 -10 -9 -------- Run | Yrd Mat Min Exi Min Total Allies . | . . . . . Largest Group . | . . . . . Highest-Rated Group . | . . . . . Highest-Rated Ally . | . . . . . Total Orders . | . . . . . Ally Attacks . | . . . . . Total Damage . | . . . . . Kills . | . . . . . Allies Corrupted . | . . . . . Allies Melted . | . . . . . Intel | -11 -10 -10 -10 -9 ------- Run | Yrd Mat Min Exi Min Active Infowar (turns) 220 | . 220 . . . Structural 220 | . 220 . . . Robot Analysis Total . | . . . . . Derelict Logs Recovered 2 | . . 2 . . Drone Launches . | . . . . . Drone Recoveries . | . . . . . Exploration | -11 -10 -10 -10 -9 ------------- Run | Yrd Mat Min Exi Min Turns Passed 1916 | 74 562 704 533 43 Spaces Moved 1037 | 58 342 353 271 13 Core 17 | 17 . . . . Treads . | . . . . . Legs 1020 | 41 342 353 271 13 Wheels . | . . . . . Hover . | . . . . . Flight . | . . . . . Fastest Speed 50 | 50 120 120 120 190 Average Speed 160 | 110 130 174 188 190 Slowest Speed 190 | 150 190 190 190 190 Overloaded Moves . | . . . . . Propulsion Burnouts . | . . . . . Robots Hopped . | . . . . . Potential Cave-ins . | . . . . . Cave-ins Triggered . | . . . . . Exploration Rate (%) 38 | 4 59 63 58 7 Regions Visited 4 Branch Regions 3 Pre-discovered Areas 1 | . . 1 . . Known Exits Taken . | . . . . . Unknown Exits Taken 4 | 1 1 1 1 . Scrap Searched 1 | . . 1 . . Spaces Dug . | . . . . . Terrain Destroyed . | . . . . . Melee . | . . . . . Projectile . | . . . . . AOE . | . . . . . Terrain Rammed . | . . . . . Walls Destroyed . | . . . . . Machines Disabled . | . . . . . Actions | -11 -10 -10 -10 -9 --------- Run | Yrd Mat Min Exi Min Total 1199 | 65 421 402 292 19 Wait 42 | . 34 8 . . Move 1033 | 57 341 352 270 13 Hop . | . . . . . Pick Up 11 | 2 5 . 4 . Fast Attach 17 | 6 5 4 2 . Attach 5 | . 3 2 . . Detach 8 | . 5 3 . . Swap 5 | . 2 3 . . Drop 9 | . 6 2 1 . Fire 54 | . 20 28 . 6 Melee . | . . . . . Ram . | . . . . . Kick . | . . . . . Crush . | . . . . . Escape Stasis . | . . . . . Rewire 15 | . . . 15 . Trap . | . . . . . Miscellaneous . | . . . . . Route ------- -11/Scrapyard -10/Materials (discovered 2 exits: [*Mat] / [*Min]) -10/Mines (discovered 2 exits: [*Mat] / [*Exi]) -10/Exiles (discovered 2 exits: [*Min x2]) -9/Mines History --------- Turn | Location | Event 15 | -11/Scrapyard | Discovered new exit (range 16) 75 | -11/Scrapyard | Entered Materials 288 | -10/Materials | Discovered new exit (range 12) 334 | -10/Materials | Build established: Mutant 491 | -10/Materials | Discovered new exit (range 16) 637 | -10/Materials | Entered Mines 660 | -10/Mines | Core integrity fell below 50% 668 | -10/Mines | Met a Derelict bent on vengeance 873 | -10/Mines | Core integrity fell below 20% 915 | -10/Mines | Lost 4 parts (1p1u2w) 940 | -10/Mines | Discovered new exit (range 8) 1086 | -10/Mines | Found a damaged Exp. Sensor Array with a note attached 1090 | -10/Mines | Found Prototype Device 1090 | -10/Mines | Identified Exp. Sensor Array 1153 | -10/Mines | Learned location of Zion (-7) 1189 | -10/Mines | Build established: Scavenger-Mutant 1243 | -10/Mines | Deemed a non-threat by the Exiles lab entrance 1244 | -10/Mines | Discovered new exit (range 5) 1341 | -10/Mines | Entered Exiles 1366 | -10/Exiles | Discovered new exit (range 15) 1393 | -10/Exiles | Met 8R-AWN 1419 | -10/Exiles | Met EX-HEX 1645 | -10/Exiles | Met EX-DEC 1849 | -10/Exiles | Discovered new exit (range 14) 1874 | -10/Exiles | Entered Mines 1917 | -9/Mines | Destroyed by S-10 Pest with Light Assault Rifle Last Messages --------------- that..." 01674_ Dropped Lrg. Storage Unit. 01678_ Acquired Med. Storage Unit. 01681_ Acquired Lrg. Storage Unit. 01684_ Acquired Med. Laser. 01709_ System corrupted: Heat flow error (+181). 01756_ System corrupted: Energy discharge (-35). 01799_ System corrupted: Component data lost. 01808_ Acquired Lrg. Storage Unit. 01842_ System corrupted: IFF burst signal emitted. 01849_ EXIT=FOUND LOCATION=UNKNOWN GOAL=ESCAPE 01895_ System corrupted: Matter fused (-5). 01897_ S-10 Pest destroyed. 01897_ Switching to secondary target: S-10 Pest. 01905_ S-10 Pest destroyed. 01917_ Overheating: System interference. 01917_ Particle Gun temporarily disabled. Map ----- +----------------------------------------------------+ | ??????????????????????????????????????????????? | | ??????????????????????????????????????????????? | | ??????????????????????????????????????????????? | | ??????????????????????????????????????????????? | | ??????????????????????????????????????????????? | | ??????????????????????????????????????????????? | | ??????????????????????????????????????????????? | | ??????????????????????????????????????????????? | | ??????????????????????????????????????????????? | | ??????????????????????????????????????????????? | | ??????????????????????????????????????????????? | | ??????????????????????????????????????????????? | | ??????????????????????????????????????????????? | | ??????????????????????????????????????????????? | | ??????????????????????????????????????????????? | | ??????????????????????????????????????????????? | | ??????????????????????????????????????????????? | | ??????????????????????????????????????????????? | | ??????????????????????????????????????????????? | | ??????????????????????????????????????????????? | | ??????????????????????????????????????????????? | | ??????????????????????????????????????????????? | | ???????????????????????#####??????????????????? | | ??????????????????????## ########### #?????? | | ??????????????????# ##s #?????? | | ??????????????????# *%[@ #?????? | | ?????????????????# ==### ###########??????? | | ?????????????????# ??# #????????????????? | | ?????????????????# ???# #????????????????? | | ??????????????? ######???# #????????????????? | | ?????????????"" ??????????## #????????????????? | | ?????????????"????????????# ##???????????????? | | ??????????????????????????# ###?????????????? | | ??????????????????????????# #?????????????? | | ??????????????????????????## #????????????? | | ???????????????????????????## #???????????? | | ????????????????????????????# #??????????? | | ????????????????????????????## #?????????? | | ?????????????????????????????? #?????????? | | ?????????????????????????????? ##?????????? | | ??????????????????????????????# ###??????????? | | ???????????????????????????????###????????????? | | ??????????????????????????????????????????????? | | ??????????????????????????????????????????????? | | ??????????????????????????????????????????????? | | ??????????????????????????????????????????????? | | ??????????????????????????????????????????????? | | ??????????????????????????????????????????????? | | ??????????????????????????????????????????????? | | ??????????????????????????????????????????????? | +----------------------------------------------------+ Best States ------------- Heat Dissipation 25 Energy Generation 14 Energy Capacity 250 Matter Stores 300 Matter Capacity 300 Sight Range 16 Terrain Scan Density 10 Armor Coverage 150 Evasion (%) 55 Item Schematics ----------------- None Robot Schematics ------------------ None Fabricated ------------ Nothing Repaired ---------- Nothing Studied --------- None Alien Tech Used ----------------- None Achievements -------------- None Challenges ------------ None Game ------ Seed AdvancedSpikedCompactor Manual? 0 Play Time 00:22:25 Cumulative 4.0 hours Start 2026.09.14 @ 22:24:58 End 2026.09.15 @ 17:47:52 Sessions 3 Manual Loads 0 Difficulty Rogue Special Mode None Game No. 11 Rogue 8 Adventurer 0 Explorer 3 Win Type - Total 0 Types 0/0/0/0/0/0/0/0/0/0 Lore% 1 Gallery% 4 Achievement% 5 Wizard Run 0 Options --------- Layout 1 ASCII 0 Keyboard 1 Movement Vi Keybinds 0 Fullscreen 1 Font 16/SmallcapsGlow Map View 50x35 Zoom Use 0% Tactical HUD 1 Map Filters NONE Filters NONE Steam SD RUN: 7bb13d5d-1330-4e82-9953-f4c82db2b1f2